 Dungeon Crawl Stone Soup version 0.32-a0-132-g2d33c3cfaf (webtiles) character file.

Game seed: 7520666885687610061

2 Bravepunisher the Ducker (level 1, 0/1 HPs)
             Began as a Spriggan Monk on Feb 9, 2024.
             Slain by a bat (1 damage)
             ... on level 1 of the Dungeon.
             The game lasted 00:02:26 (123 turns).

Bravepunisher the Ducker (Spriggan Monk)             Turns: 123, Time: 00:02:26

Health: 0/1        AC:  1    Str: 17    XL:     1   Next: 25%
Magic:  2/2        EV:  9    Int: 11    God:
Gold:   0          SH:  0    Dex: 17    Spells: 0/0 levels left

rFire   + + .        a - melded +0 short sword
rCold   x . .        (shield currently unavailable)
rNeg    . . .        b - melded +0 robe
rPois   +            (helmet currently unavailable)
rElec   .            (cloak currently unavailable)
rCorr   .            (gloves unavailable)
SInv    +            (boots unavailable)
Will    .....        (no amulet)
Stlth   ++           (no ring)
HPRegen 0.20/turn    (no ring)
MPRegen 0.08/turn

%: no passive effects
@: dragon-form, flying
A: dragon claw, dragon scales, breathe fire, flying, reduced hp, giant, no large
weapons, unfitting armour, see invisible, (speed 3)
a: Breathe Fire, Begin Untransformation


You were on level 1 of the Dungeon.
You were a fearsome dragon!
You visited 1 branch of the dungeon, and saw 1 of its levels.

Inventory:

Hand Weapons
 a - a +0 short sword (melded)
Armour
 b - a +0 robe (melded)
Talismans
 e - a dragon-blood talisman (active)
Potions
 c - a potion of ambrosia
 d - a potion of mutation {unknown}


   Skills:
 + Level 2.4 Fighting
 - Level 3.2 Short Blades
 * Level 4.1 Dodging
 + Level 0.0 Shapeshifting


You couldn't memorise any spells.
You didn't know any spells.
Your spell library was empty.

Dungeon Overview and Level Annotations

Branches:
Dungeon (1/15)

Altars:


Innate Abilities, Weirdness & Mutations

You are a fearsome dragon!
You have a powerful clawing attack.
Your giant scaled body is strong and resilient, but less evasive.
You can breathe fire.
You are flying.
Your maximum health is decreased, since you lack skill for your form.
Your armour is entirely melded.
You are incapable of wielding weapons or throwing items.
You are very small and have problems with some larger weapons.
You are too small for most types of armour.
You have supernaturally acute eyesight. (SInv)
((You cover ground extremely quickly. (Speed+++)))


Message History

You hit the bat but do no damage. The bat misses you. The bat misses you.
You hit the bat.
You kill the bat!
You see here a bat corpse.
You hit the endoplasm but do no damage. The endoplasm closely misses you.
You hit the endoplasm.
The endoplasm is severely wounded.
The endoplasm completely misses you.
You hit the endoplasm.
You kill the endoplasm!
As you open the door, it creaks loudly!
You see here a dragon-blood talisman.
d - a fuming coppery potion You open the door.
Found a stone staircase leading down.
You see here a dragon-blood talisman.
e - a dragon-blood talisman Sorry, you're not good enough to have a special ability.
You are now empty-handed.
a - a +0 short sword (weapon)
Okay, then.
Okay, then.
You can't go down here!
Enter note: There's nothing to open nearby.
You don't know any spells.
Okay, then.
You begin transforming.
You continue transforming. x3
You turn into a fearsome dragon!
Your +0 short sword melds into your body.
Your +0 robe melds into your body.
HP restored.
There is an open door here.
A bat comes into view.
The bat hits you.
Ouch! That really hurt!
You die...

##.........##
#'#######'## ##
#.......#
.##..##.#######
........#
.######.# #.#
#.# #D# #b# #..
####


You could see a bat.

Vanquished Creatures
  An endoplasm (D:1)
  A bat (D:1)
2 creatures vanquished.

Notes
Turn   | Place    | Note
-------+----------+-------------------------------------------
     0 | D:1      | Bravepunisher the Spriggan Monk began the quest for the
                  | Orb.
     0 | D:1      | Reached XP level 1. HP: 11/11 MP: 2/2
   123 | D:1      | Slain by a bat

Illustrated notes

Levels and vault maps discovered:
D:1:      roderic_octagonal_star, layout_loops_ring, item_on_display_a

Action                     || total
---------------------------++-------
  Melee: Short sword       ||     5
 Armour: Robe              ||     1
         Skin              ||     1
  Dodge: Dodged            ||     4
   Form: Dragon            ||     1

Table legend: (Time is in decaauts)
 A = Elapsed time spent in this place.
 B = Non-inter-level travel time spent in this place.
 C = Inter-level travel time spent in this place.
 D = Time resting spent in this place.
 E = Time spent auto-exploring this place.
 F = Levels seen in this place.
 G = Mean time per level.
                   A        B        C        D        E       F      G
               +--------+--------+--------+--------+--------+-----+--------+
         Total |     85 |     85 |      0 |      0 |     35 |   1 |   85.0 |
       Dungeon |     85 |     85 |      0 |      0 |     35 |   1 |   85.0 |
               +--------+--------+--------+--------+--------+-----+--------+

Top non-repeatable levels by time:
     D:1: 85 daAuts
